 Dungeon Crawl Stone Soup version 0.30-a0-374-g95c0257040 (webtiles) character file.

Game seed: 15336140761783056189

3588 pokeman the Thaumaturge (level 9, -2/52 HPs)
             Began as a Deep Elf Hedge Wizard on Nov 25, 2022.
             Was a Believer of Vehumet.
             Slain by an orc warlord
             ... wielding a +4 broad axe
              (32 damage)
             ... in a bailey.
             The game lasted 00:21:47 (7139 turns).

pokeman the Thaumaturge (Deep Elf Hedge Wizard)     Turns: 7139, Time: 00:21:48

Health: -2/52      AC:  5    Str:  7    XL:     9   Next: 85%
Magic:  7/27       EV: 12    Int: 24    God:    Vehumet [**....]
Gold:   330        SH:  0    Dex: 14    Spells: 24/33 levels left

rFire   . . .      SeeInvis .    s - +6 broad axe of a bazaar {drain, rPois}
rCold   + . .      Faith    .    (no shield)
rNeg    . . .      Spirit   .    y - +1 leather armour {Will+}
rPois   +          Reflect  .    c - +0 hat
rElec   .          Harm     .    (no cloak)
rCorr   .          Rampage  .    i - +0 pair of gloves
Will    +....                    (no boots)
Stlth   ++........               b - amulet of regeneration
HPRegen 1.08/turn                B - ring of protection from cold
MPRegen 0.20/turn                (no ring)

@: no status effects
A: no striking features
a: Renounce Religion


You were in a bailey.
You worshipped Vehumet.
Vehumet was pleased with you.
You visited 1 branch of the dungeon, and saw 8 of its levels.
You also visited: Bailey.

You collected 330 gold pieces.

Inventory:

Hand Weapons
 s - the +6 broad axe of a bazaar (weapon) {drain, rPois}
   (You found it on level 4 of the Dungeon)

   A truly terrible weapon, it drains the life of any living foe it strikes.
   rPois:     It protects you from poison.
 z - the +8 longbow "Zephyr" {speed, Dex+3 SInv}
   (You found it on level 6 of the Dungeon)

   Attacks with this weapon are significantly faster.
   Dex:       It affects your dexterity (+3).
   SInv:      It lets you see invisible.
 D - a +0 trident of pain
Missiles
 C - a curare-tipped dart
Armour
 c - a +0 hat (worn)
 i - a +0 pair of gloves (worn)
 y - a +1 leather armour of willpower (worn)
Jewellery
 b - an amulet of regeneration (around neck)
 B - a ring of protection from cold (left hand)
Wands
 p - a wand of roots (14)
 w - a wand of paralysis (4)
 A - a wand of flame (10)
Scrolls
 a - a scroll of torment {unknown}
 e - 2 scrolls of enchant armour {unknown}
 f - 10 scrolls of identify {unknown}
 h - 2 scrolls of blinking {unknown}
 l - 4 scrolls of fear {unknown}
 m - 4 scrolls of amnesia {unknown}
 n - a scroll of immolation {unknown}
 q - 2 scrolls of noise {unknown}
 r - 2 scrolls of fog {unknown}
 u - 2 scrolls of magic mapping {unknown}
 v - 2 scrolls of teleportation {unknown}
Potions
 d - a potion of magic
 g - 3 potions of cancellation {unknown}
 j - 5 potions of curing {unknown}
 k - 2 potions of resistance {unknown}
 o - 3 potions of attraction {unknown}
 t - a potion of degeneration {unknown}
 x - 2 potions of berserk rage {unknown}
 E - a potion of haste {unknown}
 F - a potion of heal wounds {unknown}
 G - a potion of brilliance {unknown}


   Skills:
 - Level 4.0 Fighting
 + Level 3.1 Armour
 - Level 3.0 Dodging
 - Level 3.0 Stealth
 * Level 12.7 Spellcasting
 + Level 7.2 Conjurations
 - Level 1.1 Summonings
 - Level 1.1 Translocations
 + Level 4.4 Fire Magic
 - Level 1.2 Air Magic
 - Level 1.0 Poison Magic
 - Level 1.5 Evocations


You had 24 spell levels left.
You knew the following spells:

 Your Spells              Type           Power      Damage    Failure   Level
a - Magic Dart            Conj           100%       1d8       1%          1
b - Mephitic Cloud        Conj/Pois/Air  30%        N/A       4%          3
c - Call Imp              Summ           20%        N/A       5%          2
d - Blink                 Tloc           40%        N/A       5%          2
e - Foxfire               Conj/Fire      100%       2x1d9     1%          1

Your spell library contained the following spells:

 Spells                   Type           Power      Damage    Failure   Level
 Scorch                   Fire           72%        2d9       1%          2
 Slow                     Hex            60%        N/A       6%          1
 Cigotuvi's Dreadful Rot  Necr/Pois/Air  36%        N/A       6%          2
 Sublimation of Blood     Necr           15%        N/A       9%          2
 Wereblood                Tmut           15%        N/A       9%          2
 Tukima's Dance           Hex            15%        N/A       17%         3
 Passage of Golubria      Tloc           20%        N/A       36%         4
 Yara's Violent Unravell  Hex/Tmut       7%         3d5       85%         5
 Summon Hydra             Summ           10%        N/A       100%        7


Dungeon Overview and Level Annotations

Branches:
Dungeon (8/15)             Temple (0/1) D:4          Bailey (1/1)
   Lair: D:8-11

Altars:
Okawaru
Trog
Vehumet

Shops:
D:6 :*   D:8 *


Message History

Casting: Mephitic Cloud (dangerous; 4% risk of failure)
Confirm with . or Enter, or press ? or * to list all spells.
You blink.
Casting: Blink (safe; 5% risk of failure)
Confirm with . or Enter, or press ? or * to list all spells.
Aiming: Mephitic Cloud (dangerous; 4% risk of failure)
Press: ? - help, Shift-Dir - straight line The ball explodes into a vile cloud!
The stinking cloud engulfs the orc warlord but does no damage.
The orc warlord is lightly wounded.
The orc warlord is engulfed in noxious fumes.
Unknown command.
Aiming: Paralyse
Press: ? - help, Shift-Dir - straight line, f - orc warlord
Aim: an orc warlord, wielding a +4 broad axe and wearing a +0 chain mail (noxious fumes, lightly wounded, lightly drained, chance to affect: 23%)
The orc warlord resists with almost no effort.
The orc warlord is engulfed in noxious fumes.
Casting: Mephitic Cloud (dangerous; 4% risk of failure)
Confirm with . or Enter, or press ? or * to list all spells.
Aiming: Mephitic Cloud (dangerous; 4% risk of failure)
Press: ? - help, Shift-Dir - straight line, f/p - orc warlord
Aim: an orc warlord, wielding a +4 broad axe and wearing a +0 chain mail (lightly wounded, lightly drained, chance to affect: 34%)
The ball explodes into a vile cloud!
The stinking cloud engulfs the orc warlord but does no damage.
The orc warlord is lightly wounded.
The orc warlord is engulfed in noxious fumes.
The orc warlord appears confused.
Unknown command.
Aiming: Paralyse
Press: ? - help, Shift-Dir - straight line, f/p - orc warlord
Aim: an orc warlord, wielding a +4 broad axe and wearing a +0 chain mail (lightly wounded, confused, lightly drained, chance to affect: 23%)
The orc warlord resists with almost no effort.
You feel stable enough to blink again.
Your magical contamination has completely faded away.
The orc warlord seems less drained.
Things that are here:
a +0 hand axe; a +0 leather armour The orc warlord hits you with a +4 broad axe!!
Ouch! That really hurt!
You die...

.....)### ♣♣♣♣
....#'#.### ♣..♣♣♣♣
#.###.....###♣♣♣.....♣
###.........##.......♣
#..........)#.......♣
#...........)))...))♣
#.....⌠.....)..∩))).♣
#.....).....).)..)..♣
#........)..#°°@..).♣
###.........##.°o)...♣
#.###.....###♣♣..))..♣
....#'#.### ♣♣♣.).♣♣
......### ♣♣♣♣♣
.......# .......#
)⌠.....# )......#


You could see an orc warlord (confused).

Vanquished Creatures
  3 yaks (D:7)
  3 water moccasins
  15 orc warriors
  An ogre (D:7)
  A centaur (D:7)
  A phantom (D:6)
  A kobold brigand (D:7)
  2 bullfrogs (D:7)
  A scorpion (D:6)
  A necrophage (D:5)
  3 wights (D:8)
  A howler monkey (D:6)
  A hound (D:5)
  2 orc priests
  A jelly (D:6)
  Jessica (D:3)
  3 iguanas
  Terence (D:2)
  3 orc wizards
  11 gnolls
  8 adders
  An ufetubus (D:3)
  A worm (D:2)
  4 dart slugs
  43 orcs
  6 ball pythons
  8 endoplasms
  5 giant cockroaches
  14 hobgoblins
  5 jackals
  15 kobolds
  3 quokkas
  7 bats
  4 frilled lizards
  17 goblins
  7 rats
204 creatures vanquished.

Vanquished Creatures (others)
  104 foxfires
104 creatures vanquished.

Grand Total: 308 creatures vanquished

Notes
Turn   | Place    | Note
-------+----------+-------------------------------------------
     0 | D:1      | pokeman the Deep Elf Hedge Wizard began the quest for the
                  | Orb.
     0 | D:1      | Reached XP level 1. HP: 10/10 MP: 7/7
   288 | D:1      | Reached XP level 2. HP: 16/16 MP: 3/9
  1042 | D:2      | Reached skill level 5 in Spellcasting
  1152 | D:2      | Reached XP level 3. HP: 20/20 MP: 8/11
  1159 | D:2      | Learned a level 3 spell: Mephitic Cloud
  1162 | D:2      | Learned a level 2 spell: Call Imp
  1165 | D:2      | Learned a level 2 spell: Blink
  1409 | D:2      | Reached skill level 1 in Fighting
  1471 | D:2      | Reached skill level 1 in Armour
  1519 | D:2      | Reached XP level 4. HP: 25/25 MP: 1/13
  1962 | D:2      | Noticed Terence
  1970 | D:2      | Killed Terence
  1971 | D:2      | Reached skill level 6 in Spellcasting
  1971 | D:2      | Reached XP level 5. HP: 18/29 MP: 8/15
  2143 | D:2      | Found a faded altar of an unknown god.
  2256 | D:3      | Reached skill level 1 in Poison Magic
  2436 | D:3      | Noticed Jessica
  2441 | D:3      | Killed Jessica
  2523 | D:3      | Reached skill level 1 in Air Magic
  3034 | D:4      | Found a radiant altar of Vehumet.
  3092 | D:4      | Identified the +6 broad axe of a bazaar {drain, rPois}
  3117 | D:4      | Reached XP level 6. HP: 34/34 MP: 14/17
  3122 | D:4      | Became a worshipper of Vehumet
  3188 | D:4      | Found an iron altar of Okawaru.
  3729 | D:4      | Reached skill level 7 in Spellcasting
  3755 | D:4      | Noticed a water moccasin
  3764 | D:4      | Killed a water moccasin
  3765 | D:4      | Reached skill level 1 in Evocations
  3929 | D:4      | Found a bloodstained altar of Trog.
  4096 | D:4      | Found a staircase to the Ecumenical Temple.
  4242 | D:5      | Entered Level 5 of the Dungeon
  4276 | D:5      | Reached XP level 7. HP: 36/39 MP: 13/20
  4405 | D:5      | Reached skill level 8 in Spellcasting
  5039 | D:6      | Found Qime's Book Boutique.
  5325 | D:6      | Found Nonatut's Assorted Antiques.
  5328 | D:6      | Found the +8 longbow "Zephyr" {speed, Dex+3 SInv}
  5627 | D:6      | Reached skill level 9 in Spellcasting
  5652 | D:7      | Reached * piety under Vehumet
  5652 | D:7      | Offered knowledge of Foxfire by Vehumet.
  5653 | D:7      | Reached XP level 8. HP: 33/44 MP: 18/23
  5655 | D:7      | Learned a level 1 spell: Foxfire
  5717 | D:6      | Reached skill level 5 in Conjurations
  5785 | D:7      | Reached skill level 10 in Spellcasting
  5962 | D:7      | Reached skill level 1 in Fire Magic
  5973 | D:7      | Reached skill level 11 in Spellcasting
  6070 | D:7      | Reached XP level 9. HP: 49/49 MP: 24/26
  6228 | D:8      | Found Ussooriwa's General Store.
  6257 | D:8      | Found a flagged portal.
  6268 | Bailey   | Entered a bailey
  6675 | Bailey   | Offered knowledge of Scorch by Vehumet.
  6681 | Bailey   | Reached ** piety under Vehumet
  6696 | Bailey   | Reached skill level 12 in Spellcasting
  7072 | Bailey   | Noticed an orc warlord
  7139 | Bailey   | Slain by an orc warlord

Illustrated notes

Levels and vault maps discovered:
D:1:      nicolae_arrival_somewhat_less_tricky_arrival, layout_rooms
D:2:      layout_rooms, chequers_ecumenical_altar_twisty, uniq_terence
D:3:      minmay_spotlight, layout_loops_ring, serial_glass, glass_columns_a,
          glass_columns_a, uniq_jessica
D:4:      layout_loops_corners, mainiacjoe_overflow_catwalk,
          mainiacjoe_overflow_brackets, lemuel_tele_altar, temple_hall
D:5:      layout_gridville, kennysheep_boxes
D:6:      layout_rooms, serial_shops, nicolae_shop_advertising_works
          [nicolae_subvault_shop_adworks], nicolae_lakefront_shop,
          chequers_decorated_corner
D:7:      layout_cave_pools
D:8:      layout_rooms, serial_shops, nicolae_shop_stone, enter_bailey_6,
          uniq_maggie
Bailey:   bailey_axe_minmay_hex_keep, bailey

Skill      XL: |  1  2  3  4  5  6  7  8  9 |
---------------+----------------------------+-----
Spellcasting   | 5 6 7 9 11 12 | 12.7
Fighting       | 1 2 4 |  4.0
Armour         | 1 2 3 |  3.1
Conjurations   | 2 3 4 6 7 |  7.2
Stealth        | 3 |  3.0
Dodging        | 3 |  3.0
Poison Magic   | 1 |  1.0
Air Magic      | 1 |  1.2
Evocations     | 1 |  1.5
Fire Magic     | 2 4 |  4.4
Summonings     | |  1.1
Translocations | |  1.1

Action                   |  1- 3 |  4- 6 |  7- 9 || total
-------------------------+-------+-------+-------++-------
Melee: Long sword        |     1 |       |       ||     1
       Executioner's axe |     1 |    39 |       ||    40
       Broad axe         |       |    20 |    11 ||    31
       Punch             |       |     1 |       ||     1
       Longbow           |       |       |     4 ||     4
 Fire: Longbow           |       |       |   187 ||   187
 Cast: Magic Dart        |    85 |    94 |    67 ||   246
       Mephitic Cloud    |     2 |    11 |    27 ||    40
       Blink             |       |     1 |     9 ||    10
       Call Imp          |       |     1 |       ||     1
       Foxfire           |       |       |    56 ||    56
Evoke: Wand              |       |       |     8 ||     8
 Stab: Confused          |     1 |    10 |       ||    11
Armor: Robe              |     1 |    14 |       ||    15
       Leather armour    |       |     7 |    25 ||    32
Dodge: Dodged            |    11 |    69 |    86 ||   166

Table legend: (Time is in decaauts)
 A = Elapsed time spent in this place.
 B = Non-inter-level travel time spent in this place.
 C = Inter-level travel time spent in this place.
 D = Time resting spent in this place.
 E = Time spent auto-exploring this place.
 F = Levels seen in this place.
 G = Mean time per level.
                   A        B        C        D        E       F      G
               +--------+--------+--------+--------+--------+-----+--------+
         Total |   7234 |   7077 |    157 |    204 |   5423 |   9 |  803.8 |
       Dungeon |   6338 |   6181 |    157 |     78 |   5084 |   8 |  792.2 |
        Bailey |    896 |    896 |      0 |    126 |    339 |   1 |  896.0 |
               +--------+--------+--------+--------+--------+-----+--------+

Top non-repeatable levels by time:
     D:2: 1229 daAuts
     D:4: 1225 daAuts
     D:1: 952 daAuts
  Bailey: 896 daAuts
     D:3: 877 daAuts
     D:6: 760 daAuts
     D:5: 716 daAuts
     D:7: 535 daAuts
     D:8: 41 daAuts
